 Dungeon Crawl Stone Soup version 0.24.0-123-gd5b16e6ec5 (webtiles) character file.

Game seed: 14586580307683218308, levelgen mode: deterministic

129982 Mesmaeker13 the Destroyer (level 16, -4/122 HPs)
             Began as a Grey Draconian Ice Elementalist on Jan 28, 2020.
             Was a High Priest of Sif Muna.
             Slain by a shock serpent (13 damage)
             ... on level 1 of the Snake Pit.
             The game lasted 02:20:33 (55175 turns).

Mesmaeker13 the Destroyer (DrIE)                   Turns: 55175, Time: 02:20:33

Health: -4/122     AC: 17    Str: 16    XL:     16   Next: 22%
Magic:  5/30       EV: 18    Int: 18    God:    Sif Muna [*****.]
Gold:   736        SH:  0    Dex: 13    Spells: 13/35 levels left

rFire    + . .     SeeInvis +   v - +9 quarterstaff of the Pariah {crush, rPois rF+}
rCold    + + .     Gourm    .   (shield currently unavailable)
rNeg     . . .     Faith    .   (armour unavailable)
rPois    +         Spirit   .   u - +0 hat
rElec    .         Reflect  .   S - scarf {rC+ rF+}
rCorr    .         Harm     .   a - +0 pair of gloves
MR       +....                  F - +1 pair of boots
Stlth    ++........             O - amulet of Kisipaun {Regen+ Str+4}
HPRegen  0.70/turn              L - ring of ice
MPRegen  0.22/turn              s - ring of see invisible

@: lethally poisoned (-4 -> -4)
A: walk through water, unfitting armour, dopey 1, unbreathing, cold-blooded, AC
+14
}: 1/15 runes: decaying
a: Channel Magic, Forget Spell, Divine Exegesis, Renounce Religion


You were on level 1 of the Snake Pit.
You worshipped Sif Muna.
Sif Muna was extremely pleased with you.
You were very hungry.

You visited 6 branches of the dungeon, and saw 29 of its levels.
You also visited: Ossuary.

You collected 3306 gold pieces.
You spent 2570 gold pieces at shops.

Inventory:

Hand Weapons
 i - the +8 autumn katana {slice, Clar}
   (You bought it in a shop on level 5 of the Dungeon)

   It inflicts extra damage upon your enemies.
   It protects you against confusion.
 v - the +9 quarterstaff of the Pariah (weapon) {crush, rPois rF+}
   (You found it on level 8 of the Dungeon)

   It inflicts extra damage upon your enemies.
   It protects you from fire.
   It protects you from poison.
Missiles
 y - 8 curare-tipped darts (quivered)
 U - 2 throwing nets
Armour
 a - a +0 pair of gloves (worn)
 m - a +2 cloak
 u - a +0 hat (worn)
 F - a +1 pair of boots (worn)
 S - a scarf of resistance (worn)
Jewellery
 s - a ring of see invisible (right hand)
 G - an uncursed ring of protection from fire
 J - an uncursed ring of resist corrosion
 L - a ring of ice (left hand)
 N - an uncursed ring of protection from cold
 O - the amulet of Kisipaun (around neck) {Regen+ Str+4}
   (You took it off a crimson imp on level 10 of the Dungeon)

   [amulet of regeneration]

   It affects your strength (+4).
   It increases your rate of regeneration.
 Y - an uncursed amulet of magic regeneration
Wands
 E - a wand of digging (7)
 X - a wand of acid (2)
 Z - a wand of disintegration (7)
Scrolls
 c - 2 scrolls of teleportation
 d - 10 scrolls of remove curse
 j - 2 scrolls of blinking
 l - 4 scrolls of magic mapping
 n - 3 scrolls of enchant armour
 q - 7 scrolls of fog
 A - a scroll of torment {unknown}
 B - 2 scrolls of summoning {unknown}
 C - a scroll of amnesia
 I - a scroll of brand weapon
 Q - 2 scrolls of holy word
 R - a scroll of acquirement {unknown}
Potions
 e - 2 potions of magic
 f - 4 potions of flight
 g - 5 potions of haste
 h - 5 potions of lignification
 o - 2 potions of ambrosia
 p - 3 potions of agility
 r - 7 potions of might
 t - 2 potions of resistance {unknown}
 x - a potion of invisibility {unknown}
 z - 2 potions of cancellation {unknown}
 D - 2 potions of curing
 M - a potion of brilliance {unknown}
Miscellaneous
 k - a phantom mirror
 H - a phial of floods (inert)
 V - a box of beasts
Comestibles
 b - 18 rations


   Skills:
 - Level 6.0 Fighting
 + Level 9.8 Long Blades
 - Level 10.3 Dodging
 - Level 1.7 Stealth
   Level 5.0 Shields
 - Level 10.2 Spellcasting
 - Level 12.0 Conjurations
 - Level 5.0 Charms
 - Level 6.0 Summonings
 + Level 11.6 Necromancy
 - Level 10.0 Ice Magic
 - Level 10.0 Invocations


You had 13 spell levels left.
You knew the following spells:

 Your Spells              Type           Power        Failure   Level  Hunger
a - Freeze                Ice            ####         1%          1    None
b - Simulacrum            Ice/Necr       ######....   14%         6    ######.
c - Summon Ice Beast      Ice/Summ       ######..     2%          4    ###....
d - Ozocubu's Armour      Chrm/Ice       ######..     1%          3    None
e - Throw Icicle          Conj/Ice       ######..     1%          4    ###....
f - Animate Dead          Necr           N/A          1%          4    ###....

Your spell library contained the following spells:

 Spells                   Type           Power        Failure   Level  Hunger
 Animate Skeleton         Necr           N/A          1%          1    None
 Flame Tongue             Conj/Fire      ####.        1%          1    None
 Infusion                 Chrm           ####         1%          1    None
 Magic Dart               Conj           ####         1%          1    None
 Pain                     Necr           ####         1%          1    None
 Call Imp                 Summ           ####....     1%          2    None
 Corpse Rot               Necr           N/A          1%          2    None
 Song of Slaying          Chrm           ####....     1%          2    None
 Sublimation of Blood     Necr           ######....   1%          2    None
 Throw Flame              Conj/Fire      ####..       1%          2    None
 Throw Frost              Conj/Ice       ######       1%          2    None
 Conjure Flame            Conj/Fire      ####....     1%          3    None
 Regeneration             Chrm/Necr      #####.....   1%          3    None
 Static Discharge         Conj/Air       ####....     1%          3    None
 Stone Arrow              Conj/Erth      ####..       1%          3    None
 Vampiric Draining        Necr           ######....   1%          3    None
 Iskenderun's Mystic Bla  Conj           ######..     1%          4    ###....
 Agony                    Necr           ######..     1%          5    #####..
 Bolt of Draining         Conj/Necr      ######....   1%          5    #####..
 Dispel Undead            Necr           ######..     1%          5    #####..
 Shroud of Golubria       Chrm/Tloc      ###...       4%          2    None
 Mephitic Cloud           Conj/Pois/Air  ###.....     4%          3    None
 Fulminant Prism          Conj/Hex       ####......   7%          4    ###....
 Sticky Flame             Conj/Fire      ####....     7%          4    ###....
 Spectral Weapon          Hex/Chrm       ###.....     9%          3    None
 Ice Form                 Ice/Tmut       #####...     10%         4    ###....
 Blink                    Tloc           N/A          12%         2    None
 Slow                     Hex            #.......     12%         2    None
 Bolt of Cold             Conj/Ice       ######....   13%         6    ######.
 Fireball                 Conj/Fire      ####......   19%         5    #####..
 Irradiate                Conj/Tmut      ####......   19%         5    #####..
 Lightning Bolt           Conj/Air       ####......   19%         5    #####..
 Ozocubu's Refrigeration  Ice            ######....   19%         6    ######.
 Gell's Gravitas          Tloc           #.........   24%         3    None
 Inner Flame              Hex/Fire       #.......     24%         3    None
 Lesser Beckoning         Tloc           #.........   24%         3    None
 Portal Projectile        Hex/Tloc       #.....       24%         3    None
 Teleport Other           Tloc           #.......     24%         3    None
 Tukima's Dance           Hex            #.......     24%         3    None
 Metabolic Englaciation   Hex/Ice        #####.....   26%         5    #####..
 Freezing Cloud           Conj/Ice/Air   ######....   50%         6    ######.
 Summon Forest            Summ/Tloc      ###.......   54%         5    #####..
 Leda's Liquefaction      Hex/Erth       #.........   61%         4    ###....
 Passage of Golubria      Tloc           N/A          61%         4    ###....
 Shadow Creatures         Summ           N/A          71%         6    ######.
 Silence                  Hex/Air        #.........   91%         5    #####..
 Monstrous Menagerie      Summ           ####......   99%         7    #######
 Summon Hydra             Summ           ####......   99%         7    #######
 Darkness                 Hex            #.........   100%        6    ######.
 Hydra Form               Tmut           #.........   100%        6    ######.
 Invisibility             Hex            #.......     100%        6    ######.
 Statue Form              Tmut/Erth      #........    100%        6    ######.
 Dragon Form              Tmut           #.........   100%        7    #######
 Chain Lightning          Conj/Air       ####......   100%        8    #######
 Ignition                 Fire           #.........   100%        8    #######
 Necromutation            Tmut/Necr      ####......   100%        8    #######
 Shatter                  Erth           #.........   100%        9    #######
 Tornado                  Air            #.........   100%        9    #######


Dungeon Overview and Level Annotations

Branches:
Dungeon (15/15)            Temple (1/1) D:4            Lair (6/6) D:9
  Swamp (4/4) Lair:4        Snake (1/4) Lair:4        Slime (0/5) Lair:6
    Orc (2/2) D:11            Elf (0/3) Orc:2        Vaults (0/5) D:14
Ossuary (visited)
 Depths: D:15

Altars:
Ashenzari
Cheibriados
Dithmenos
Elyvilon
Fedhas
Gozag
Hepliaklqana
Kikubaaqudgha
Makhleb
Nemelex Xobeh
Okawaru
Qazlal
Ru
Sif Muna
Trog
Uskayaw
Vehumet
Wu Jian
Xom
Yredelemnul
Zin
The Shining One
Beogh

Shops:
D:5 (   D:6 =   D:12 *   D:13 (   Orc:2 }(([

Annotations:
D:15 Louise
Lair:5 Rupert
Swamp:4 1 runed translucent door, Mesmaeker13's ghost, adept DrIE


Innate Abilities, Weirdness & Mutations

You can walk through water.
Your dull iron-grey scales are very hard. (AC +14)
You cannot fit into any form of body armour.
You can survive without breathing.
You are cold-blooded and may be slowed by cold attacks.
You are dopey. (Int -2)


Message History

Your ice beast hits the naga warrior but does no damage.
The shock serpent barely misses you.
Your ice beast barely misses the shock serpent.
Unknown command.
Casting: Summon Ice Beast (safe; 2% risk of failure)
Confirm with . or Enter, or press ? or * to list all spells.
Aiming: Throw Icicle (safe; 1% risk of failure)
Press: ? - help, Shift-Dir - straight line, f/p - naga warrior
Aim: a naga warrior, wielding a +0 hand axe and wearing a +0 shield (lightly wounded)
You feel a surge of power!
The shard of ice hits the shock serpent!!
The shock serpent is almost dead.
The shock serpent's electric aura discharges violently, shocking you!
* * * LOW HITPOINT WARNING * * *
You feel sick. The shock serpent bites your ice beast!
Your ice beast dies!
The shock serpent bites you.
* * * LOW HITPOINT WARNING * * *
The shock serpent shocks you!
You die...

...##.##.#+### ....###'#.##
......#......##+#.##......#
...................#.###..#
................#.#.....# #
.........#....)..#...####
........##......##S###
...............##.Y#
...............##SN#
................@Y>#
..................##
.........#........#
................###
....#####.....### ###
#######


You could see a naga warrior, 2 shock serpents and 2 friendly ice beasts.

Vanquished Creatures
  A tentacled monstrosity (Swamp:1)
  Frances (D:14)
  2 orc warlords
  An ettin (Orc:2)
  A fire dragon (Lair:6)
  Fannar (Lair:3)
  A naga warrior (Lair:4)
  9 hydras (Swamp:4)
  2 shambling mangroves (Swamp:4)
  A centaur warrior (D:14)
  A ghost crab (Swamp:1)
  2 dancing weapons (D:14)
  A tengu warrior (D:15)
  6 death yaks
  10 alligators
  3 sea snakes (Snake:1)
  An unseen horror (D:14)
  2 spriggan druids
  5 swamp dragons
  A naga ritualist (Snake:1)
  An orc knight (Orc:1)
  A mana viper (Snake:1)
  3 ugly things
  An oklob plant (Lair:6)
  3 orc sorcerers
  A centaur zombie (D:10)
  A manticore (D:11)
  A deep elf mage (D:15)
  A guardian serpent (Snake:1)
  2 elephants
  8 black mambas
  A gargoyle (D:15)
  3 torpor snails (Lair:6)
  10 spiny frogs
  8 komodo dragons
  A rime drake (Lair:6)
  An efreet (D:15)
  7 trolls
  A meliai (D:13)
  11 hornets
  4 tyrant leeches
  A polar bear (Lair:4)
  Prince Ribbit (Lair:2)
  12 blink frogs
  8 hippogriffs
  3 bog bodies
  Sigmund (D:6)
  2 slime creatures (Swamp:1)
  A centaur simulacrum (D:15)
  5 spriggans (Swamp:4)
  2 wyverns
  3 shadows
  A wraith (D:15)
  Eustachio (D:3)
  A hungry ghost (D:14)
  18 yaks
  2 basilisks
  An acid dragon (Lair:6)
  10 vampire mosquitoes
  15 swamp worms
  2 wargs
  12 insubstantial wisps
  4 water moccasins
  9 porcupines
  8 swamp drakes
  29 orc warriors
  2 eyes of draining
  6 sky beasts
  3 boggarts (D:15)
  An ice beast (D:8)
  5 centaurs
  8 ogres
  11 crocodiles
  2 big kobolds (D:12)
  16 bullfrogs
  2 gnoll sergeants
  7 water moccasin zombies (Ossuary)
  2 scorpions
  14 killer bees
  3 wights
  2 howler monkeys
  A vampire bat (Orc:1)
  4 electric eels
  6 crimson imps
  A bullfrog zombie (D:6)
  4 jellies
  A gnoll shaman (D:10)
  4 hounds
  14 orc priests
  25 orc wizards
  An iguana (D:7)
  6 worker ants
  A killer bee zombie (D:10)
  5 big kobold zombies (Ossuary)
  2 hound skeletons
  2 mummies (Ossuary)
  Robin (D:3)
  15 gnolls
  A worker ant zombie (D:7)
  14 adders
  3 shadow imps
  3 oozes (Lair:6)
  2 adder skeletons (D:8)
  3 adder zombies (Ossuary)
  2 dart slugs (D:1)
  5 worms (D:2)
  4 leopard geckos
  84 orcs
  9 giant cockroaches
  26 goblins
  10 hobgoblins
  16 jackals
  8 quokkas
  2 ball pythons
  13 bats
  4 frilled lizards
  2 gnoll zombies (Ossuary)
  A hobgoblin zombie (Ossuary)
  17 kobolds
  6 kobold zombies (Ossuary)
  A leopard gecko skeleton (D:8)
  5 orc zombies (Ossuary)
  9 rats
701 creatures vanquished.

Vanquished Creatures (collateral kills)
  2 thorn hunters
  A very ugly thing (Swamp:2)
  Snorg (Lair:3)
  A fire dragon (Lair:6)
  A naga warrior (Snake:1)
  3 shambling mangroves
  7 hydras
  A catoblepas (Lair:6)
  3 two-headed ogres
  5 death yaks
  6 alligators
  Nergalle (Lair:1)
  3 spriggan druids (Swamp:4)
  3 sea snakes (Snake:1)
  4 swamp dragons (Swamp:4)
  A naga ritualist (Snake:1)
  A lindwurm (Lair:6)
  3 orc knights (Orc:2)
  An orc sorcerer (Orc:2)
  3 ugly things
  A mana viper (Snake:1)
  A wolf spider (D:15)
  A cyclops (D:13)
  A manticore (D:13)
  8 black mambas
  10 elephants
  An elephant (shapeshifter) (D:13)
  2 torpor snails (Lair:6)
  A centaur skeleton (D:14)
  9 spiny frogs
  A gargoyle (D:9)
  2 rime drakes (Lair:6)
  10 komodo dragons
  2 trolls (Orc:2)
  2 meliai (D:13)
  10 tyrant leeches
  10 dream sheep (Lair:6)
  13 hornets
  2 slime creatures (Swamp:1)
  8 blink frogs
  4 hippogriffs
  A bog body (Swamp:4)
  A wyvern (D:10)
  4 spriggans
  20 yaks
  2 basilisks
  15 vampire mosquitoes
  3 insubstantial wisps
  2 wargs (Orc:2)
  4 acid dragons
  7 nagas
  5 swamp worms
  3 water moccasins
  2 ice beasts
  A porcupine (Lair:4)
  19 orc warriors
  2 phantoms
  7 swamp drakes
  4 eyes of draining
  7 ogres
  4 crocodiles
  2 centaurs
  4 bullfrogs
  2 scorpions
  2 howler monkeys
  A wight (D:7)
  6 electric eels
  A jelly (D:12)
  14 orc priests
  10 orc wizards
  A bullfrog zombie (D:11)
  A bullfrog skeleton (D:12)
  An iguana (D:8)
  2 gnolls (D:11)
  2 shadow imps
  39 orcs
  A giant cockroach (D:6)
  A bat (Orc:1)
  A kobold (D:12)
  A fungus (Lair:6)
  3 plants (Snake:1)
358 creatures vanquished.

Vanquished Creatures (others)
  A spiny frog (Lair:6)
  A hornet (Swamp:4)
  A dream sheep (Lair:6)
  18 fungi
  38 plants
59 creatures vanquished.

Grand Total: 1118 creatures vanquished

Notes
Turn   | Place    | Note
-------+----------+-------------------------------------------
     0 | D:1      | Mesmaeker13 the Draconian Ice Elementalist began the quest
                  | for the Orb.
     0 | D:1      | Reached XP level 1. HP: 14/14 MP: 3/3
   525 | D:1      | Reached XP level 2. HP: 20/20 MP: 5/5
   953 | D:1      | Reached XP level 3. HP: 19/26 MP: 6/6
  1497 | D:2      | Learned a level 2 spell: Throw Frost
  1890 | D:2      | Reached XP level 4. HP: 17/33 MP: 2/8
  3141 | D:3      | Found a faded altar of an unknown god.
  3400 | D:3      | Noticed Robin
  3646 | D:3      | Killed Robin
  3646 | D:3      | Reached XP level 5. HP: 36/38 MP: 5/9
  4154 | D:4      | Found a staircase to the Ecumenical Temple.
  4169 | Temple   | Entered the Ecumenical Temple
  4213 | Temple   | Became a worshipper of Sif Muna the Loreminder
  4387 | D:4      | Reached skill level 2 in Conjurations
  4684 | D:4      | Noticed Eustachio
  4750 | D:3      | Killed Eustachio
  4750 | D:3      | Reached XP level 6. HP: 13/45 MP: 0/10
  5013 | D:4      | Learned a level 4 spell: Summon Ice Beast
  5419 | D:5      | Entered Level 5 of the Dungeon
  5425 | D:4      | Reached skill level 3 in Conjurations
  5425 | D:4      | Reached skill level 5 in Ice Magic
  5515 | D:5      | Your scales start taking on a dull iron-grey colour.
  5515 | D:5      | Reached XP level 7. HP: 39/50 MP: 4/11
  5515 | D:5      | Gained mutation: You can survive without breathing. [Grey
                  | Draconian growth]
  5626 | D:5      | Found Qyjuism's Antique Weapon Shoppe.
  5729 | D:5      | Reached * piety under Sif Muna
  6096 | D:5      | Reached skill level 1 in Summonings
  6814 | D:6      | Noticed Sigmund
  7060 | D:6      | Killed Sigmund
  7294 | D:6      | Reached skill level 5 in Dodging
  7529 | D:6      | Reached XP level 8. HP: 57/57 MP: 0/12
  7539 | D:6      | Reached ** piety under Sif Muna
  7810 | D:6      | Found an opulent altar of Gozag.
  8232 | D:6      | Found Vuddyos's Jewellery Boutique.
  9832 | D:8      | Reached XP level 9. HP: 33/62 MP: 9/13
  9843 | D:8      | Reached skill level 5 in Summonings
 10052 | D:8      | Reached *** piety under Sif Muna
 10268 | D:8      | Got an encrusted quarterstaff
 10307 | D:8      | Found a sand-covered staircase.
 10315 | Ossuary  | Entered an ossuary
 10856 | Ossuary  | Reached skill level 4 in Conjurations
 11072 | Ossuary  | Identified the +9 quarterstaff of the Pariah {crush, rPois
                  | rF+} (You found it on level 8 of the Dungeon)
 11527 | D:8      | Learned a level 3 spell: Ozocubu's Armour
 12378 | D:9      | Reached **** piety under Sif Muna
 12386 | D:8      | Reached XP level 10. HP: 36/69 MP: 1/14
 12556 | D:9      | Reached skill level 5 in Conjurations
 13398 | D:9      | Found a staircase to the Lair.
 13701 | D:10     | Entered Level 10 of the Dungeon
 13874 | D:10     | Reached skill level 6 in Conjurations
 14220 | D:10     | Identified the amulet of Kisipaun {Regen+ Str+4}
 14500 | D:10     | Noticed a gargoyle
 14526 | D:9      | Killed a gargoyle
 14860 | D:10     | Reached skill level 10 in Ice Magic
 15243 | D:10     | Reached skill level 7 in Conjurations
 15245 | D:10     | Reached skill level 1 in Charms
 15402 | D:10     | Reached XP level 11. HP: 74/74 MP: 4/15
 15732 | Lair:1   | Entered Level 1 of the Lair of Beasts
 15746 | Lair:1   | Learned a level 4 spell: Throw Icicle
 15896 | Lair:1   | Noticed Nergalle
 15912 | Lair:1   | Killed Nergalle
 16943 | Lair:2   | Reached skill level 8 in Conjurations
 16957 | Lair:2   | Reached skill level 1 in Invocations
 17091 | Lair:2   | Noticed Prince Ribbit
 17099 | Lair:2   | Reached ***** piety under Sif Muna
 17099 | Lair:2   | Received a gift from Sif Muna
 17101 | Lair:2   | Killed Prince Ribbit
 17123 | Lair:2   | Reached skill level 10 in Dodging
 18054 | Lair:2   | Found a glowing silver altar of Zin.
 18780 | Lair:3   | Noticed Snorg
 19050 | Lair:3   | Killed Snorg
 19050 | Lair:3   | Reached skill level 1 in Shields
 19160 | Lair:3   | Reached skill level 9 in Conjurations
 19160 | Lair:3   | Reached skill level 5 in Charms
 19160 | Lair:3   | Reached XP level 12. HP: 81/81 MP: 1/17
 19965 | Lair:3   | Noticed Fannar
 19977 | Lair:3   | Killed Fannar
 19977 | Lair:3   | Reached skill level 5 in Invocations
 20761 | Lair:4   | Found a staircase to the Swamp.
 21894 | Lair:4   | Found a staircase to the Snake Pit.
 22154 | Lair:4   | Noticed a death yak
 22174 | Lair:4   | Killed a death yak
 22476 | Lair:4   | Noticed a seven-headed hydra
 22503 | Lair:4   | Killed a seven-headed hydra
 22503 | Lair:4   | Reached skill level 5 in Spellcasting
 22555 | Lair:4   | Noticed a death yak
 22581 | Lair:4   | Noticed a death yak
 22607 | Lair:4   | Killed a death yak
 22607 | Lair:4   | Noticed a death yak
 22627 | Lair:4   | Killed a death yak
 22735 | Lair:4   | Noticed a death yak
 22737 | Lair:4   | Noticed a death yak
 22740 | Lair:4   | Killed a death yak
 22740 | Lair:4   | Reached skill level 10 in Conjurations
 23237 | Lair:4   | Killed a death yak
 23237 | Lair:4   | Killed a death yak
 23273 | Lair:5   | Noticed a six-headed hydra
 23279 | Lair:5   | Killed a six-headed hydra
 23487 | Lair:5   | Reached skill level 5 in Shields
 23554 | Lair:5   | Noticed a four-headed hydra
 23566 | Lair:5   | Killed a four-headed hydra
 24167 | Lair:5   | Noticed a death yak
 24169 | Lair:5   | Noticed a death yak
 24191 | Lair:5   | Killed a death yak
 24191 | Lair:5   | Reached XP level 13. HP: 68/86 MP: 3/22
 26009 | Lair:6   | Entered Level 6 of the Lair of Beasts
 26360 | Lair:6   | Noticed Rupert
 27317 | Lair:5   | Reached skill level 11 in Conjurations
 28390 | Lair:6   | Found a staircase to the Slime Pits.
 29147 | Lair:6   | Found a runed translucent door.
 29148 | Lair:6   | Noticed a fire dragon
 29582 | Lair:6   | Reached skill level 1 in Fighting
 29615 | Lair:6   | Identified Sif Muna's Handbook of Doomed Confrontation (Sif
                  | Muna gifted it to you on level 6 of the Lair of Beasts)
 29615 | Lair:6   | Received a gift from Sif Muna
 30219 | Lair:6   | Paralysed by a hornet for 2 turns
 30485 | Lair:6   | Killed a fire dragon
 30700 | Lair:6   | Noticed a fire dragon
 31129 | Lair:6   | Killed a fire dragon
 31345 | D:9      | Learned a level 4 spell: Animate Dead
 32369 | D:11     | Reached skill level 1 in Necromancy
 32602 | D:11     | Found an ancient bone altar of Kikubaaqudgha.
 32731 | D:11     | Found a staircase to the Orcish Mines.
 32760 | D:11     | Reached XP level 14. HP: 82/102 MP: 13/26
 33123 | D:12     | Reached skill level 10 in Invocations
 33969 | D:12     | Found Lujaiq's General Store.
 34425 | D:13     | Reached skill level 12 in Conjurations
 34980 | D:13     | Found Fenk's Antique Weapon Shoppe.
 36197 | D:14     | You fall into a shaft and drop 1 floor!
 36197 | D:15     | Entered Level 15 of the Dungeon
 36381 | D:15     | Received a gift from Sif Muna
 36594 | D:14     | Found a gate to the Vaults.
 36836 | D:14     | Noticed Frances
 36839 | D:14     | Gained mutation: You are dopey. (Int -2) [a neqoxec]
 36857 | D:14     | Killed Frances
 36857 | D:14     | Reached skill level 5 in Fighting
 37322 | D:14     | Found a shadowy altar of Dithmenos.
 38336 | Orc:1    | Entered Level 1 of the Orcish Mines
 38723 | Orc:1    | Noticed an orc warlord
 39067 | D:11     | Killed an orc warlord
 39787 | Orc:2    | Entered Level 2 of the Orcish Mines
 39843 | Orc:2    | Reached skill level 5 in Necromancy
 40015 | Orc:2    | Found a staircase to the Elven Halls.
 40242 | Orc:2    | Found a roughly hewn altar of Beogh.
 40342 | Orc:2    | Found Offot's Weapon Boutique.
 40397 | Orc:2    | Found a roughly hewn altar of Beogh.
 40795 | Orc:2    | Found a roughly hewn altar of Beogh.
 40987 | Orc:2    | Found a roughly hewn altar of Beogh.
 41140 | Orc:2    | Found a roughly hewn altar of Beogh.
 41198 | Orc:2    | Found Vuyzecwe's Gadget Boutique.
 41371 | Orc:2    | Found a roughly hewn altar of Beogh.
 41543 | Orc:2    | Found a roughly hewn altar of Beogh.
 41691 | Orc:2    | Found a roughly hewn altar of Beogh.
 42039 | Orc:2    | Identified Oluczy's Handbook of Freezing Sinister Secrets
                  | (Sif Muna gifted it to you on level 2 of the Orcish Mines)
 42039 | Orc:2    | Received a gift from Sif Muna
 42058 | Orc:2    | Reached skill level 10 in Spellcasting
 42626 | Orc:2    | Noticed an orc warlord
 42809 | Orc:2    | Killed an orc warlord
 42814 | Orc:2    | Found Jezyagh's Antique Armour Shop.
 42815 | Orc:2    | Found a roughly hewn altar of Beogh.
 42818 | Orc:2    | Found Vaothray's Antique Weapon Boutique.
 43001 | D:5      | Bought the +8 autumn katana {slice, Clar} for 2250 gold
                  | pieces
 43001 | D:5      | Found the +8 autumn katana {slice, Clar}
 43174 | Orc:2    | Bought an embroidered cloak for 240 gold pieces
 43549 | D:15     | Reached skill level 1 in Long Blades
 44018 | D:15     | Noticed Louise
 44250 | Swamp:1  | Entered Level 1 of the Swamp
 44894 | Swamp:1  | Reached XP level 15. HP: 115/115 MP: 9/29
 45409 | Swamp:1  | Noticed a tentacled monstrosity
 45433 | Swamp:1  | Killed a tentacled monstrosity
 46968 | Swamp:2  | Reached skill level 5 in Long Blades
 47076 | Swamp:2  | Noticed a thorn hunter
 47098 | Swamp:2  | Killed a thorn hunter
 47599 | Swamp:2  | Identified Sif Muna's Papyrus of Beguiling and Summoning
                  | (Sif Muna gifted it to you on level 2 of the Swamp)
 47599 | Swamp:2  | Received a gift from Sif Muna
 47992 | Swamp:2  | Paralysed by a hornet for 2 turns
 49295 | Swamp:4  | Entered Level 4 of the Swamp
 50151 | Swamp:4  | Noticed a thorn hunter
 50167 | Swamp:4  | Killed a thorn hunter
 50167 | Swamp:4  | Reached skill level 10 in Necromancy
 51798 | Swamp:4  | Paralysed by a hornet for 2 turns
 52493 | Swamp:4  | Identified Sif Muna's Collected Works on the Birds (Sif
                  | Muna gifted it to you on level 4 of the Swamp)
 52493 | Swamp:4  | Received a gift from Sif Muna
 52823 | Swamp:4  | Found a runed translucent door.
 52823 | Swamp:4  | Found a shimmering altar of Xom.
 52823 | Swamp:4  | Noticed Mesmaeker13's ghost (adept DrIE)
 52952 | Swamp:4  | Reached XP level 16. HP: 75/122 MP: 18/30
 52956 | Swamp:4  | Got a decaying rune of Zot
 53581 | D:12     | Bought a scroll of identify for 32 gold pieces
 53581 | D:12     | Bought a scroll of teleportation for 48 gold pieces
 53742 | Lair:1   | Learned a level 6 spell: Simulacrum
 53788 | Snake:1  | Entered Level 1 of the Snake Pit
 54249 | Lair:4   | HP: 3/122 [black mamba (11)]
 55175 | Snake:1  | Slain by a shock serpent

Levels and vault maps discovered:
D:1:      sevenhm_arrival_forest_fort_large_4, layout_loops_ring
D:2:      layout_rooms
D:3:      layout_basic, chequers_ecumenical_altar_simple_redux, uniq_robin
D:4:      layout_loops_cross, minmay_temple_entry_crystal_x, first_ration,
          uniq_eustachio
D:5:      corexii_shantytown, layout_basic, serial_shops, shop
D:6:      layout_loops_cross, nicolae_overflow_crystal_walls, serial_shops,
          shop, serial_park_tiny_1, uniq_sigmund
D:7:      layout_rooms
D:8:      layout_layer_cave, chequers_ossuary_entry_cave, corner_web_ring,
          grunt_ogre_cave, hex_tiny
D:9:      layout_basic, grunt_lair_entry_orc_guard_hut, serial_bayou_pond_a
D:10:     layout_basic
D:11:     layout_gridville, hiddenorc1_lemuel, basic_altar
D:12:     layout_irregular_city, serial_shops, nicolae_shop_statue_plus,
          roderic_st_hans_cross, corexii_hall_statues_u, corexii_corridor_pit
D:13:     layout_irregular_city, serial_shops, kennysheep_mini_moat,
          minivault_23, serial_bayou_pond_a
D:14:     layout_irregular_city, erik_vaults_1, infiniplex_staircase_zigzag_4,
          nicolae_dithmenos_shadow_blocks, uniq_frances
D:15:     grunt_enter_depths_magical_seal, layout_loops_cross, st_stairs_6,
          minmay_increasing_density, uniq_louise
Temple:   grunt_wide_crystal_templ
Lair:1:   layout_gridlike, uniq_nergalle
Lair:2:   layout_chaotic_city, basic_altar, uniq_prince_ribbit2
Lair:3:   layout_hall_layers, beast_lair_carwin_1, serial_bayou_shore_a,
          uniq_fannar, uniq_snorg
Lair:4:   layout_layer_cave, swamp_mist, minmay_snake_entry_guardpost_large,
          beast_lair_carwin_8
Lair:5:   layout_roguey, nicolae_quartered_pool_super
Lair:6:   guppyfry_lair_end_dragon, layout_regular_city, wormcave,
          nicolae_slime_entry_slimehenge, grunt_megastairs_1, uniq_rupert
Swamp:1:  layout_basic_swamp, nicolae_swamp_round_clearing
Swamp:2:  layout_falls_marsh, evilmike_swamp_ruin_house_1, swamp_pool1,
          infiniplex_staircase_pool_2
Swamp:3:  layout_basic_swamp, evilmike_swamp_ruin_rubble_2, swamp_pool4
Swamp:4:  swamp, layout_basic_swamp, ebering_ghost_xom, swamp_pool3,
          nicolae_swamp_spriggan_camp
Snake:1:  layout_onion_interference, serial_bayou_lagoon_a,
          serial_bayou_lagoon_b, grunt_megastairs_3
Orc:1:    layout_diamond_mine, roderic_batcave, nicolae_orc_lava_tube
Orc:2:    grunt_orc_community_town_hall, layout_caves,
          grunt_orc_community_big_house_2, grunt_orc_community_big_house_1,
          grunt_orc_community_house_2, grunt_orc_community_house_3,
          grunt_orc_community_house_1, grunt_orc_community_house_2,
          grunt_orc_community_house_2, grunt_orc_community_house_2, basic_altar,
          gauntlet_entry_generic

Skill      XL: |  1  2  3  4  5  6  7  8  9 10 11 12 13 14 15 |
---------------+----------------------------------------------+-----
Dodging        | 2 3 4 5 6 7 9 10 | 10.3
Spellcasting   | 3 6 8 10 | 10.2
Ice Magic      | 4 5 6 7 8 10 | 10.0
Conjurations   | 2 3 4 7 9 10 11 12 | 12.0
Summonings     | 2 4 6 |  6.0
Charms         | 1 5 |  5.0
Invocations    | 4 7 9 10 | 10.0
Shields        | 1 5 |  5.0
Fighting       | 3 6 |  6.0
Necromancy     | 1 7 11 | 11.6
Long Blades    | 3 9 |  9.8
Stealth        | |  1.7

Action                   |  1- 3 |  4- 6 |  7- 9 | 10-12 | 13-15 | 16-18 || total
-------------------------+-------+-------+-------+-------+-------+-------++-------
Melee: Dagger            |    11 |       |    81 |       |       |       ||    92
       Spear             |    88 |    79 |   120 |       |       |       ||   287
       Tailslap          |     3 |     7 |    55 |    23 |    98 |     1 ||   187
       Long sword        |       |       |   215 |       |       |       ||   215
       Quarterstaff      |       |       |    36 |   181 |       |    13 ||   230
       Staff             |       |       |       |    49 |   338 |       ||   387
       Katana            |       |       |       |       |   296 |     3 ||   299
Throw: Dart              |       |       |    18 |       |       |       ||    18
 Cast: Freeze            |    33 |    82 |   125 |   206 |   449 |    54 ||   949
       Throw Frost       |       |    19 |    39 |    94 |    26 |       ||   178
       Summon Ice Beast  |       |       |    23 |    93 |   417 |    11 ||   544
       Ozocubu's Armour  |       |       |     1 |    18 |    20 |       ||    39
       Throw Icicle      |       |       |       |    33 |   330 |    31 ||   394
       Animate Dead      |       |       |       |       |    37 |     2 ||    39
       Simulacrum        |       |       |       |       |       |     5 ||     5
Invok: Channel Magic     |       |       |       |     3 |    17 |     2 ||    22
Evoke: Wand              |       |     3 |     7 |    16 |    38 |     1 ||    65
       Phial of floods   |       |       |       |     1 |     5 |     1 ||     7
       Phantom mirror    |       |       |       |       |     1 |       ||     1
       Box of beasts     |       |       |       |       |     2 |     1 ||     3
  Use: Scroll            |     3 |     6 |     7 |     8 |    23 |     2 ||    49
       Potion            |       |       |     3 |     1 |    17 |     3 ||    24
 Stab: Sleeping          |     3 |     1 |     6 |     2 |       |       ||    12
       Paralysed         |       |     7 |    16 |     5 |       |       ||    28
       Distracted        |       |     1 |     1 |     3 |     4 |       ||     9
  Eat: Chunk             |     3 |    12 |    14 |    32 |    86 |     3 ||   150
       Ration            |       |       |     5 |     9 |    22 |     2 ||    38
Armor: Skin              |    39 |    42 |   207 |   144 |   384 |    31 ||   847
Dodge: Dodged            |    75 |   100 |   443 |   393 |  1159 |    96 ||  2266
Block: Buckler           |       |       |       |    19 |   358 |       ||   377
       Rpst.: Long sword |       |       |    63 |       |       |       ||    63
       Katana            |       |       |       |       |    93 |     1 ||    94
